Map: 뉴 리퍼그넌시 - 래더

Players

Clem

  • Race: Terran Terran
  • League: Grandmaster
  • Spawn Location: 7:00

TSGSolar (Solar) - Winner!

  • Race: Zerg Zerg
  • Spawn Location: 1:00

Event: HomeStory Cup XIX

VOD

Have the link to the VOD?

Description

Time

  • Played on: June 27, 2019, 6:43 a.m.
  • Length: 18:43

All games in this series

Show
View Real Time Build Order
Export as new Build Order

Clem Terran 

Build Orders: Gas First Reaper Expand, Hellion Opening 

Get SALT Encoding   

  12  0:00  SCV  
  13  0:13  SCV  
  14  0:17  Supply Depot  
  14  0:25  SCV  
  15  0:29  Refinery  
  15  0:38  SCV  
  16  0:44  Barracks  
  16  0:50  SCV  
  17  1:02  SCV  
  18  1:14  SCV  
  19  1:31  Orbital Command, Reaper  
  20  1:43  Command Center  
  20  1:54  Factory  
  20  1:58  SCV  
  21  2:06  Barracks Reactor  
  21  2:10  SCV  
  21  2:13  Supply Depot  
  22  2:17  Refinery  
  23  2:22  SCV  
  23  2:35  SCV  
  24  2:47  SCV  
  24  2:49  Hellion x2  
  29  2:52  Starport  
  29  2:58  Orbital Command  
  29  3:00  SCV  
  29  3:02  Barracks Tech Lab  
  30  3:10  Hellion  
  32  3:13  Hellion  
  32  3:16  SCV  
  35  3:21  Supply Depot  
  35  3:23  Supply Depot  
  35  3:25  SCV  
  36  3:28  SCV  
  37  3:37  Viking  
  37  3:40  Hellion  
  41  3:43  Hellion  
  41  3:44  SCV  
  41  3:46  SCV  
  45  3:52  Supply Depot  
  45  3:54  Barracks Tech Lab  
  45  3:57  SCV  
  46  4:05  SCV  
  46  4:08  Medivac  
  46  4:09  Armory  
  49  4:10  Hellion  
  49  4:12  Hellion  
  49  4:15  SCV  
  54  4:19  SCV  
  55  4:30  Command Center  
  55  4:32  SCV  
  55  4:35  SCV  
  55  4:38  Stimpack  
  57  4:44  SCV  
  58  4:46  Starport Reactor  
  58  4:47  SCV  
  58  4:49  Marine  
  60  4:53  Supply Depot  
  60  4:54  Factory Reactor  
  60  4:56  SCV  
  60  4:59  SCV  
  62  5:00  Barracks  
  62  5:03  Barracks  
  62  5:15  Marine, SCV x2  
  62  5:16  Supply Depot  
  65  5:27  SCV x2  
  67  5:32  Marine  
  67  5:34  Engineering Bay x2  
  66  5:36  Barracks  
  66  5:39  SCV x2  
  64  5:43  Barracks  
  64  5:48  Siege Tank  
  62  5:50  Marine x3  
  62  5:51  SCV x2  
  62  5:54  SCV  
  62  6:02  Marine x2  
  62  6:03  SCV x2  
  66  6:08  Marine x2, Medivac  
  66  6:09  Medivac  
  68  6:12  Refinery x2  
  68  6:17  Terran Infantry Weapons Level 1  
  68  6:18  Terran Infantry Armor Level 1  
  68  6:21  Orbital Command  
  68  6:25  Marine x2  
  70  6:26  Marine  
  70  6:28  Barracks Reactor  
  70  6:29  Barracks Reactor  
  70  6:30  SCV  
  70  6:31  SCV  
  70  6:32  Marine  
  74  6:41  Siege Tank  
  74  6:42  SCV  
  74  6:43  Marine x3  
  74  6:47  Orbital Command, SCV  
  81  6:53  Marine  
  81  6:54  Marine, Armory, Supply Depot  
  84  6:56  Supply Depot  
  84  7:00  SCV  
  84  7:01  SCV  
  86  7:04  Medivac  
  86  7:05  Marine x3, Medivac  
  93  7:11  Supply Depot  
  93  7:15  Supply Depot  
  93  7:16  Marine x4  
  93  7:18  SCV x3  
  100  7:23  Marine x2  
  100  7:25  Siege Tank  
  105  7:32  Marine x3  
  105  7:33  SCV  
  105  7:34  SCV x2  
  105  7:36  Supply Depot  
  111  7:37  Marine x4  
  111  7:39  Combat Shield  
  111  7:41  Marine  
  116  7:44  Marine  
  116  7:45  SCV  
  116  7:48  SCV  
  116  7:49  Marine  
  116  7:50  Refinery, Factory  
  116  7:51  Refinery  
  120  7:56  SCV  
  121  7:59  Supply Depot  
  121  8:00  Marine  
  121  8:01  Marine x2  
  121  8:03  Supply Depot  
  121  8:04  Supply Depot  
  124  8:06  Siege Tank  
  124  8:07  Marine x2  
  124  8:10  SCV  
  130  8:13  SCV, Medivac  
  130  8:19  Medivac  
  133  8:20  Terran Infantry Weapons Level 2  
  133  8:21  Supply Depot  
  133  8:23  SCV, Command Center  
  133  8:25  Marine, SCV  
  137  8:28  Marine  
  137  8:29  Marine x3  
  137  8:33  Terran Infantry Armor Level 2  
  140  8:37  Marine x2  
  140  8:38  SCV  
  143  8:44  Siege Tank  
  143  8:45  Marine  
  143  8:47  Marine, SCV  
  149  8:53  Medivac  
  151  8:56  SCV x2  
  151  8:57  Marine  
  151  8:58  Marine, Supply Depot  
  151  8:59  Marine x5, Supply Depot  
  160  9:03  Factory Tech Lab, Marine  
  160  9:06  Supply Depot  
  161  9:10  Marine  
  161  9:15  Concussive Shells, Marine  
  161  9:16  Barracks x2  
  163  9:18  Barracks  
  163  9:20  Siege Tank  
  159  9:24  Medivac  
  159  9:25  Medivac  
  159  9:28  Siege Tank, Marine  
  159  9:29  Marine  
  168  9:36  Marine  
  166  9:39  Marine x2  
  166  9:41  SCV x2  
  170  9:48  Terran Vehicle Weapons Level 1  
  170  9:50  Marine  
  170  9:51  Marauder  
  173  9:57  Planetary Fortress  
  173  9:59  Marine x2  
  174  10:00  Sensor Tower  
  174  10:01  Marine  
  174  10:02  Marine x3  
  174  10:05  Barracks Tech Lab  
  174  10:06  Barracks Tech Lab x2  
  179  10:13  Marine x2  
  179  10:14  Marauder, SCV  
  180  10:17  Marine x2  
  180  10:19  Siege Tank, Marine x2  
  180  10:21  Siege Tank, Liberator  
  187  10:25  Marauder x2, Marine x2  
  196  10:33  Marauder, Marine  
  199  10:42  Marauder  
  190  10:45  Marine x2  
  190  10:46  Marauder  
  190  10:47  Marauder  
  196  10:51  Siege Tank  
  196  10:54  Refinery  
  196  10:55  Command Center  
  199  10:57  Refinery, Starport  
  199  10:58  Fusion Core  
  199  11:02  Marauder  
  200  11:08  Marauder, Marine  
  200  11:10  Siege Tank  
  182  11:12  Marine x2  
  182  11:13  Marine x4, Marauder  
  184  11:22  Marauder, Marine  
  184  11:23  Siege Tank, Marine  
  191  11:32  Marauder, Marine  
  194  11:33  Starport Tech Lab  
  194  11:34  Marine x3, Liberator  
  190  11:49  Marine x2  
  190  11:50  Marauder x2, Marine x2  
  190  11:51  Marauder  
  199  11:58  Terran Infantry Weapons Level 3, Terran Infantry Armor Level 3  
  191  12:02  Liberator  
  191  12:03  Marauder, Marine  
  191  12:07  Siege Tank  
  197  12:11  Marauder  
  197  12:12  Marauder  
  197  12:13  Command Center  
  192  12:16  Siege Tank  
  192  12:17  Marauder  
  192  12:22  Marine  
  173  12:23  Marine  
  173  12:24  Marine x2  
  173  12:26  Marine x3  
  173  12:27  Liberator  
  162  12:34  Marauder  
  162  12:35  Marauder x2  
  166  12:38  Marauder  
  166  12:43  Advanced Ballistics  
  168  12:47  Marine  
  168  12:50  Planetary Fortress  
  172  12:56  Marauder x2  
  176  13:00  Marauder, Marine x4  
  176  13:04  Marine x2  
  176  13:05  Marine x2, Marauder  
  186  13:10  Liberator  
  186  13:11  Terran Vehicle And Ship Armor Level 1  
  185  13:16  Siege Tank  
  185  13:17  Siege Tank, Marine  
  185  13:18  Marine x2, Marauder  
  196  13:22  Marauder  
  196  13:26  Marauder  
  197  13:32  Orbital Command  
  200  13:36  Missile Turret  
  200  13:38  Ghost Academy  
  200  13:39  Sensor Tower  
  200  13:45  Liberator  
  195  14:00  Siege Tank  
  182  14:09  Siege Tank  
  158  14:10  Marine, Marauder  
  158  14:11  Marauder  
  158  14:13  Medivac x2  
  158  14:14  Marine x3  
  141  14:17  Marine, Starport  
  141  14:18  Marauder, Starport  
  141  14:21  Terran Ship Weapons Level 1  
  141  14:22  Ghost  
  141  14:23  Marine  
  147  14:30  Ghost  
  149  14:34  Marauder, Marine x4  
  155  14:41  Siege Tank  
  155  14:42  Liberator  
  155  14:43  Marauder, Marine x4, Medivac  
  166  14:51  Marine  
  161  14:53  Marine, Medivac  
  161  14:54  Marine x2  
  161  14:55  Medivac  
  161  14:56  Marauder  
  171  15:00  Marine, Marauder  
  171  15:01  Barracks Tech Lab  
  172  15:12  Personal Cloaking  
  172  15:17  Refinery x2, Command Center  
  172  15:19  Ghost  
  168  15:22  Marine  
  168  15:28  Medivac  
  170  15:29  Marauder  
  170  15:31  Siege Tank  
  170  15:32  Marine, Ghost  
  170  15:33  Marine x2  
  180  15:38  Liberator, Ghost  
  180  15:40  Ghost  
  180  15:41  Marine x2  
  180  15:42  Marine  
  177  15:48  Marauder  
  177  15:50  Marine x2  
  177  15:51  Marine x2  
  177  15:53  SCV x2  
  163  16:00  Marine x2  
  163  16:01  Marauder  
  154  16:04  Siege Tank  
  154  16:05  Marine  
  154  16:07  Marauder  
  154  16:08  Marauder  
  154  16:10  Marauder  
  157  16:15  SCV x3  
  160  16:20  Siege Tank  
  160  16:23  Marauder  
  168  16:31  Marauder x3  
  174  16:36  Cyclone  
  174  16:37  Ghost  
  174  16:38  Nuke  
  174  16:39  Viking  
  177  16:40  Marine x3  
  168  16:50  Viking x2  
  168  16:52  Viking  
  163  16:57  Marine x5  
  167  17:04  Ghost x2  
  171  17:20  Marine x3  
  171  17:21  Marine  
  167  17:25  Viking  
  167  17:27  Viking x2  
  166  17:41  Ghost x2  
  153  17:49  Ghost  
  140  18:03  Marauder, Marine  
  140  18:04  Marine x3  
  125  18:07  Marauder, Marine  
  125  18:09  Viking  
  125  18:12  Marine x3  
  123  18:16  SCV x2  
  123  18:17  Marine  
  123  18:18  SCV  
  122  18:24  Marine  
  122  18:25  Marine  
Show
View Real Time Build Order
Export as new Build Order

TSGSolar Zerg - Winner!

Build Orders: Hatch First 

Get SALT Encoding   

  12  0:01  Drone  
  13  0:12  Overlord  
  13  0:17  Drone  
  14  0:30  Drone x2  
  16  0:48  Hatchery  
  15  0:51  Drone  
  15  0:55  Drone  
  17  0:58  Drone  
  18  1:09  Extractor  
  17  1:14  Spawning Pool  
  17  1:17  Drone  
  17  1:20  Drone  
  18  1:27  Drone  
  19  1:40  Drone  
  20  1:49  Overlord  
  20  2:00  Zergling x4  
  20  2:01  Queen x2  
  26  2:10  Metabolic Boost  
  26  2:11  Drone  
  26  2:14  Drone  
  28  2:32  Hatchery  
  28  2:35  Drone  
  28  2:36  Drone  
  29  2:44  Queen  
  29  2:48  Drone  
  32  2:52  Overlord  
  32  2:55  Drone  
  32  2:57  Drone  
  34  3:00  Drone  
  34  3:02  Drone  
  36  3:11  Drone x4  
  40  3:13  Drone  
  41  3:20  Queen  
  41  3:24  Overlord  
  41  3:26  Drone  
  44  3:37  Overlord  
  44  3:42  Zergling x4  
  44  3:44  Zergling x4, Drone x2  
  44  3:45  Drone  
  51  3:49  Queen  
  51  3:51  Drone  
  51  3:54  Drone x2  
  51  3:55  Zergling x4  
  58  3:59  Overlord  
  58  4:03  Drone  
  58  4:05  Queen  
  58  4:07  Drone  
  62  4:11  Drone  
  62  4:13  Overlord  
  62  4:16  Drone  
  65  4:17  Drone  
  65  4:22  Drone  
  65  4:28  Lair  
  65  4:30  Extractor  
  65  4:31  Drone x4, Extractor  
  63  4:32  Baneling Nest  
  63  4:33  Zergling x2  
  63  4:37  Drone  
  68  4:39  Zergling x4  
  70  4:46  Overlord  
  70  4:47  Spore Crawler  
  70  4:49  Drone x2  
  70  4:52  Spore Crawler  
  70  4:58  Drone x2  
  70  4:59  Drone  
  73  5:01  Overlord  
  73  5:05  Drone x3  
  73  5:06  Drone x2  
  78  5:09  Drone  
  78  5:11  Drone, Spore Crawler  
  78  5:13  Drone  
  78  5:14  Drone x2  
  80  5:23  Zergling x6  
  81  5:30  Baneling x3, Overlord  
  81  5:31  Overlord  
  81  5:34  Overlord  
  81  5:35  Zergling x6  
  79  5:36  Baneling x2  
  79  5:41  Zergling x6  
  78  5:45  Zergling x4  
  73  5:50  Zergling x2  
  73  5:51  Zergling x2  
  71  5:59  Overseer  
  72  6:06  Drone x3  
  72  6:08  Drone  
  72  6:11  Drone x2  
  77  6:15  Drone  
  77  6:18  Drone  
  78  6:19  Drone  
  78  6:21  Extractor  
  78  6:24  Evolution Chamber x2  
  76  6:27  Drone x3  
  76  6:28  Drone x3  
  76  6:29  Drone  
  76  6:31  Drone  
  84  6:37  Centrifical Hooks  
  84  6:40  Zergling x4  
  84  6:43  Drone  
  84  6:44  Zergling x2  
  84  6:46  Zergling x2  
  89  6:53  Hatchery, Zerg Ground Armor Level 1, Zerg Melee Weapons Level 1  
  88  6:55  Baneling x7  
  88  6:56  Baneling  
  88  6:57  Baneling  
  88  6:58  Zergling x4  
  90  7:02  Zergling x8  
  90  7:04  Zergling x2  
  90  7:05  Zergling x2  
  90  7:06  Overlord  
  90  7:08  Zergling x2  
  97  7:11  Zergling x6  
  97  7:14  Zergling x2  
  97  7:15  Zergling x2  
  102  7:25  Zergling x4  
  102  7:26  Zergling x6  
  102  7:27  Zergling x2  
  102  7:28  Zergling x2  
  102  7:29  Zergling x10  
  114  7:32  Zergling x2  
  114  7:34  Hatchery  
  114  7:36  Drone  
  114  7:37  Overlord  
  113  7:39  Baneling x2  
  113  7:42  Overlord  
  113  7:47  Baneling x2, Overlord  
  113  7:48  Overlord  
  113  7:56  Drone x2  
  113  7:57  Zergling x8  
  119  7:59  Drone x2  
  119  8:03  Drone  
  119  8:04  Drone  
  123  8:11  Zergling x2, Hatchery  
  121  8:17  Zergling x2  
  121  8:18  Zergling x4, Drone  
  121  8:19  Drone  
  124  8:24  Zergling x8  
  124  8:26  Drone x2  
  130  8:27  Overlord  
  130  8:30  Overseer  
  130  8:32  Zergling x4  
  132  8:34  Drone  
  132  8:38  Infestation Pit, Drone  
  131  8:43  Baneling x2  
  131  8:44  Baneling x3  
  131  8:46  Zergling x6  
  132  8:49  Zerg Ground Armor Level 2, Zerg Melee Weapons Level 2  
  132  8:52  Zergling x12  
  137  8:57  Zergling x2  
  137  8:58  Zergling x6  
  137  8:59  Queen  
  143  9:03  Drone x2  
  143  9:04  Zergling x2  
  143  9:05  Zergling x2  
  143  9:06  Overlord  
  147  9:11  Zergling x4  
  147  9:14  Hatchery  
  148  9:17  Zergling x4  
  148  9:20  Zergling x8, Hive  
  148  9:21  Zergling x2  
  148  9:22  Extractor  
  150  9:24  Zergling x2  
  150  9:29  Zergling x4  
  153  9:33  Zergling x16  
  160  9:40  Drone, Overlord  
  160  9:41  Drone  
  160  9:43  Drone  
  160  9:44  Zergling x2  
  164  9:49  Baneling  
  164  9:50  Baneling x3, Zergling x10  
  164  9:52  Zergling x2  
  170  9:56  Zergling x4  
  170  9:57  Zergling x2  
  170  9:59  Zergling x4, Overlord  
  175  10:01  Queen  
  175  10:03  Zergling x4  
  178  10:07  Zergling x6  
  178  10:09  Overlord x2  
  178  10:12  Overlord x2  
  178  10:13  Spire  
  178  10:14  Overlord  
  179  10:18  Zergling x16  
  179  10:20  Baneling x12  
  181  10:26  Drone x3  
  181  10:27  Drone x2  
  186  10:29  Zergling x8  
  186  10:34  Adrenal Glands  
  186  10:35  Viper  
  191  10:37  Zergling x16, Ultralisk Cavern  
  189  10:43  Baneling, Zergling x6  
  189  10:44  Baneling x7  
  189  10:46  Zergling x6  
  189  10:52  Zergling x10  
  192  10:59  Extractor  
  192  11:00  Drone  
  189  11:06  Zergling x24  
  175  11:20  Zergling x6  
  175  11:21  Zergling x18  
  186  11:28  Ultralisk x2  
  186  11:29  Chitinous Plating  
  186  11:31  Zergling x6  
  199  11:36  Baneling x4  
  199  11:37  Baneling x7  
  199  11:39  Zerg Flyer Weapons Level 1  
  198  11:41  Drone x2, Spore Crawler  
  198  11:42  Drone  
  198  11:43  Drone  
  198  11:45  Drone  
  198  11:46  Hatchery  
  191  11:50  Zergling x14  
  191  11:52  Baneling x4  
  191  11:53  Baneling x4  
  197  11:58  Zergling x8  
  194  12:02  Zergling x12  
  190  12:16  Zergling x2, Ultralisk  
  190  12:17  Zergling x16  
  190  12:21  Zergling x10  
  187  12:23  Zergling x2  
  187  12:24  Zergling x4  
  182  12:33  Hatchery  
  175  12:44  Zerg Ground Armor Level 3  
  175  12:45  Drone  
  175  12:46  Corruptor  
  175  12:48  Anabolic Synthesis  
  178  12:52  Corruptor x2  
  178  12:57  Corruptor  
  184  13:00  Corruptor  
  184  13:01  Corruptor  
  184  13:04  Baneling  
  184  13:05  Baneling x4  
  180  13:15  Corruptor x2  
  180  13:18  Zergling x14  
  190  13:23  Drone  
  190  13:24  Drone  
  190  13:26  Corruptor  
  190  13:28  Baneling x2  
  190  13:29  Baneling x5, Zergling x4  
  190  13:33  Zergling x8  
  196  13:39  Nydus Network  
  195  13:42  Zergling x10  
  195  13:47  Zergling x2  
  195  13:48  Zergling x6  
  200  13:51  Baneling x9  
  199  13:57  Zergling x2  
  199  13:58  Zergling x4  
  199  14:01  Zergling x10  
  199  14:09  Zergling x6  
  175  14:11  Zergling x10  
  175  14:14  Zergling x2  
  175  14:15  Zergling x4  
  162  14:17  Zergling x12  
  162  14:19  Nydus Canal  
  162  14:20  Baneling x3  
  162  14:21  Baneling x4  
  162  14:24  Zergling x8  
  171  14:26  Zergling x6  
  171  14:34  Zergling x16  
  171  14:35  Zergling x2  
  171  14:36  Zergling x2  
  171  14:38  Zergling x4  
  183  14:40  Zergling x6  
  183  14:42  Zergling x2  
  183  14:43  Zergling x2  
  183  14:44  Zergling x2  
  183  14:45  Zergling x2  
  185  14:51  Greater Spire  
  185  14:52  Zergling x8  
  185  14:56  Zergling x10  
  187  15:02  Nydus Canal  
  187  15:08  Corruptor  
  187  15:09  Corruptor  
  187  15:10  Zergling x16  
  187  15:14  Baneling x8  
  199  15:15  Extractor  
  199  15:16  Zergling x4  
  199  15:20  Zergling x2  
  200  15:30  Spore Crawler  
  200  15:35  Baneling x11  
  198  15:38  Zergling x16  
  198  15:39  Zergling x8  
  198  15:40  Zergling x2  
  200  15:43  Zergling x2  
  200  15:44  Zergling x2  
  200  15:47  Zergling x2  
  200  15:48  Zergling x6  
  186  15:54  Zergling x10  
  180  15:57  Zergling x4  
  163  16:06  Zergling x14  
  163  16:11  Brood Lord x7  
  181  16:13  Corruptor  
  181  16:20  Corruptor  
  181  16:21  Corruptor  
  181  16:24  Drone  
  186  16:27  Corruptor  
  186  16:28  Overseer  
  188  16:33  Zerg Flyer Armor Level 1  
  188  16:39  Zergling x10  
  189  16:40  Zergling x10  
  184  16:47  Zergling x14  
  178  16:56  Brood Lord x2  
  178  16:59  Zergling x6  
  181  17:04  Hatchery  
  181  17:05  Corruptor  
  182  17:10  Corruptor  
  182  17:11  Corruptor  
  184  17:15  Zergling x2  
  184  17:16  Zergling x6  
  184  17:20  Baneling x7  
  184  17:21  Baneling x4  
  184  17:22  Baneling  
  188  17:23  Baneling x2  
  188  17:24  Baneling  
  188  17:29  Overseer  
  188  17:34  Corruptor  
  186  17:40  Corruptor x2  
  186  17:42  Zergling x10  
  186  17:43  Zergling x2  
  181  17:48  Corruptor  
  177  17:53  Zergling x10  
  175  18:03  Corruptor x2  
  163  18:06  Zergling x8  
  163  18:10  Baneling x5  
  161  18:14  Zergling x6  
  161  18:21  Zergling x10  
  161  18:25  Zergling x10  
Tags
 
Add a new tag
Caveats
  • Supply blocks, unpowered buildings, or Contaminate may cause inaccurate times.
  • Supply counts are checked every 10 seconds.